 Dungeon Crawl Stone Soup version 0.18-a0-1577-gf591c28 (webtiles) character file.

1647461 Slowtrain the Sensei (level 27, 215/219 HPs)
             Began as a Demonspawn Transmuter on Feb 29, 2016.
             Was the Champion of Makhleb.
             Escaped with the Orb
             ... and 3 runes on Mar 20, 2016!
             The game lasted 11:55:34 (75088 turns).

Slowtrain the Sensei (Demonspawn Transmuter)       Turns: 75088, Time: 11:55:34

Health: 215/219    AC: 22    Str: 14    XL:     27
Magic:  37/37      EV: 28    Int: 18    God:    Makhleb [******]
Gold:   1661       SH:  0    Dex: 24    Spells: 14 memorised, 10 levels left

rFire  + + +     SeeInvis +       - Unarmed
rCold  + + .     Gourm    .     a - +4 swamp dragon armour
rNeg   + . .     Faith    +     (shield currently unavailable)
rPois  +         Spirit   +     R - +3 crown of Dyrovepreva {rElec Int+2 SInv}
rElec  +         Dismiss  .     B - +0 cloak {MR+}
rCorr  .         Reflect  .     (gloves currently unavailable)
SustAt .         Harm     .     (boots unavailable)
MR     ++++.                    F - amulet of faith
Stlth  +.........               A - ring of protection from magic
                                L - ring of Soenatat {rF+ rC++ Str+2}

@: blade hands, incredibly resistant to hostile enchantments, very unstealthy
A: hooves 3, molten scales 3, fire resistance 1, ignite blood, negative energy
resistance 1, 50% torment resistance, magic shield, magic regeneration, magic
link, black mark, flame cloud immunity
a: End Transformation, Minor Destruction, Lesser Servant of Makhleb, Major
Destruction, Greater Servant of Makhleb, Renounce Religion
0: Orb of Zot
}: 3/15 runes: decaying, serpentine, silver


You escaped.
You worshipped Makhleb.
Makhleb was exalted by your worship.
You were not hungry.
You had blades for hands.
You visited 10 branches of the dungeon, and saw 52 of its levels.

You collected 5196 gold pieces.
You spent 3535 gold pieces at shops.

Inventory:

Hand Weapons
 g - a +7 blowgun (melded)
Missiles
 T - 13 curare-tipped needles
 V - 8 throwing nets (quivered)
Armour
 a - a +4 swamp dragon armour (worn)
 j - a +2 buckler of resistance (melded)
 w - the +0 cloak of Mezcal {rF+ rCorr MP+9}
   (You acquired it on level 4 of the Depths)

   It protects you from fire.
   It affects your magic capacity (+9).
   It protects you from acid and corrosion.
 B - a +0 cloak of magic resistance (worn)
 H - a +1 pair of gloves (melded)
 R - the +3 crown of Dyrovepreva (worn) {rElec Int+2 SInv}
   (You acquired it on level 5 of the Vaults)

   It affects your intelligence (+2).
   It insulates you from electricity.
   It lets you see invisible.
Rods
 S - a +0 iron rod (14/14)
   (You found it on level 12 of the Dungeon)
 Z - a +0 lightning rod (14/14)
   (You bought it in a shop on level 4 of the Vaults)
Jewellery
 l - the ring of Trepidation {rC++ Str+3 Dex+2}
   (You took it off a rakshasa on level 2 of the Depths)

   [ring of strength]

   It affects your strength (+3).
   It affects your dexterity (+2).
   It greatly protects you from cold.
 m - the ring "Okkinix" {rElec MP+9 Str+4 Dex+2}
   (You found it on level 2 of the Depths)

   [ring of magical power]

   It affects your strength (+4).
   It affects your dexterity (+2).
   It insulates you from electricity.
   It affects your magic capacity (+9).
 A - a ring of protection from magic (right scythe-like blade)
 F - an amulet of faith (around neck)
 L - the ring of Soenatat (left scythe-like blade) {rF+ rC++ Str+2}
   (You acquired it on level 2 of the Depths)

   [ring of protection from fire]

   It affects your strength (+2).
   It protects you from fire.
   It greatly protects you from cold.
Wands
 q - a wand of acid (4/15)
 s - a wand of iceblast (10/15)
 x - a wand of hasting (5/9)
 y - a wand of disintegration (14/24)
 J - a wand of digging (7/24)
 M - a wand of heal wounds (6/9)
Scrolls
 d - 5 scrolls of summoning
 e - 7 scrolls of identify
 h - 5 scrolls of fear
 i - 9 scrolls of recharging
 o - 22 scrolls of remove curse
 r - 13 scrolls of teleportation
 K - 4 scrolls of fog
 O - a scroll of blinking
 X - 6 scrolls of immolation
Potions
 b - 2 potions of magic
 k - 10 potions of curing
 t - a potion of heal wounds
 u - 2 potions of might
 v - 7 potions of agility
 D - a potion of brilliance
 I - 7 potions of flight
 Q - 3 potions of resistance
 W - 3 potions of haste
 Y - 3 potions of cure mutation
Miscellaneous
 c - a fan of gales
 f - a legendary deck of defence {the Alchemist}
 z - a stone of tremors
 C - a sack of spiders
 E - a box of beasts {used: 1}
 G - a phial of floods
 N - a lamp of fire
 P - a sack of spiders
 U - 3 phantom mirrors
Comestibles
 n - 29 fruits
 p - 15 bread rations


   Skills:
 + Level 18.4 Fighting
 - Level 5.2 Throwing
 - Level 10.0 Armour
 + Level 18.1 Dodging
 - Level 5.0 Stealth
 - Level 4.0 Shields
 + Level 22.6 Unarmed Combat
 - Level 10.0 Spellcasting
 - Level 8.3 Charms
 - Level 8.0 Necromancy
 - Level 12.0 Translocations
 - Level 13.3 Transmutations
 - Level 4.0 Ice Magic
 - Level 7.0 Air Magic
 - Level 1.7 Poison Magic
 - Level 15.0 Invocations
 - Level 16.1 Evocations


You had 10 spell levels left.
You knew the following spells:

 Your Spells              Type           Power        Failure   Level  Hunger
a - Beastly Appendage     Trmt           ######       6%          1    None
b - Sticks to Snakes      Trmt           ######..     8%          2    None
c - Spider Form           Trmt/Pois      #####.....   21%         3    None
d - Ice Form              Ice/Trmt       #####...     32%         4    ###....
e - Blade Hands           Trmt           ######....   21%         5    #####..
f - Repel Missiles        Chrm/Air       #####.       14%         2    None
g - Swiftness             Chrm/Air       #####...     14%         2    None
h - Blink                 Tloc           N/A          10%         2    None
i - Apportation           Tloc           ######....   8%          1    None
j - Song of Slaying       Chrm           #####...     14%         2    None
k - Regeneration          Chrm/Necr      #####.....   17%         3    None
l - Animate Dead          Necr           N/A          36%         4    ###....
m - Recall                Summ/Tloc      N/A          28%         3    None
n - Passwall              Trmt/Erth      ####......   17%         2    None


Dungeon Overview and Level Annotations

Branches:
Dungeon (15/15)            Temple (1/1) D:5            Lair (8/8) D:9
  Swamp (4/4) Lair:3        Snake (4/4) Lair:5        Slime (0/6) Lair:8
    Orc (2/2) D:11            Elf (0/3) Orc:2        Vaults (5/5) D:14
  Crypt (3/3) Vaults:3       Tomb (0/3) Crypt:3      Depths (5/5) D:15
    Zot (5/5) Depths:5

Altars:
Ashenzari
Cheibriados
Dithmenos
Elyvilon
Fedhas
Gozag
Kikubaaqudgha
Makhleb
Nemelex Xobeh
Okawaru
Pakellas
Qazlal
Ru
Sif Muna
Trog
Vehumet
Xom
Yredelemnul
Zin
The Shining One
Beogh
Jiyva

Shops:
D:6 *   D:12 :   Orc:2 %:%[   Snake:3 *   Snake:4 !   Vaults:1 ?   Vaults:3 =
Vaults:4 }

Portals:
Hell: Depths:1 Depths:2 Depths:3 Depths:4 Depths:5
Abyss: Depths:1 Depths:2 Depths:4
Pandemonium: Orc:2 Depths:3
Ziggurat: Depths:4

Annotations:
D:6 Menkaure
Swamp:2 exclusion: Roxanne, Roxanne


Innate Abilities, Weirdness & Mutations

You have hooves in place of feet.
You are completely covered in molten scales (AC +4, EV -1, rF+).
Your flesh is heat resistant.
Your demonic aura causes spilled blood to erupt in flames.
You resist negative energy.
You are somewhat able to resist unholy torments (1 in 2 success).
When hurt, damage is shared between your health and your magic reserves.
You regenerate magic rapidly.
When low on magic, you restore magic in place of health.
Your melee attacks may debilitate your foes.
You are immune to clouds of flame.


Message History

Something smites you! The kobold hits you but does no damage.
There is an open door here.
You slash the kobold!
You kill the kobold!
Makhleb accepts your kill.
You feel better.
Things that are here:
3 stones; a kobold corpse The smoke demon gestures at you.
The sticky flame misses you.
A crimson imp comes into view.
The crimson imp shouts!
The crimson imp hits you but does no damage.
The crimson imp completely misses you.
The crimson imp blinks!
There is a staircase leading out of the dungeon here.
The smoke demon gestures at you. The sticky flame misses you.
You have escaped!

..........#...#≈.≈#≈≈≈#..#.......
..........#...#≈.≈#≈≈.#..##......
..........#...#≈.≈#≈..#......[###
..........#...#...#...#.#########
..........#....43.....#..........
....#####.#...........##.########
....#####.#...........##.# #.....
.......##.#.....5.....##.# #.####
##........#.....@.....##.# #.....
#........#...........##.########
#........#############..........
#...............#.............##
##...............#.####..##....##
.........#####.#.#.#...........##
......####.......#.#....#.#....##
......# #.####..#.##.#.#.#....##
......####.......#.#..#......#.##


You could see an orange demon, a smoke demon and a crimson imp.

Vanquished Creatures
  4 orbs of fire
  Mara (Swamp:3)
  Saint Roka (Vaults:1)
  Frederick (Vaults:2)
  3 Killer Klowns
  A caustic shrike (Depths:4)
  6 golden dragons
  Jory (Depths:5)
  3 electric golems
  Jorgrun (Depths:5)
  14 tentacled monstrosities
  Rupert (D:14)
  9 liches
  Asterion (Snake:1)
  5 titans (Vaults:5)
  22 Orb Guardians (Zot:5)
  11 sphinxes
  Frances (Swamp:2)
  4 death cobs
  4 thorn hunters
  3 ancient champions
  Agnes (Snake:4)
  2 tengu reavers
  13 shadow dragons
  10 storm dragons
  6 draconian monks
  6 revenants
  8 greater nagas
  2 deep elf sorcerers
  4 iron dragons (Vaults:5)
  Donald (D:14)
  9 frost giants
  8 draconian knights
  3 ghost moths
  A ghost moth (shapeshifter) (Vaults:5)
  3 draconian scorchers
  Wiglaf (Crypt:1)
  16 vault wardens
  10 fire giants
  An emperor scorpion (shapeshifter) (Depths:1)
  4 draconian shifters
  2 draconian zealots
  8 ironheart preservers
  4 draconian annihilators
  A deep elf elementalist (Vaults:5)
  12 very ugly things
  A war gargoyle (Vaults:5)
  A ghoul (Crypt:3)
  7 green draconians
  4 draconian callers
  21 stone giants
  6 salamander stormcallers
  21 vampire knights
  2 deep elf annihilators
  The ghost of utis the Bludgeoner, a journeyman OgBe of Trog (Lair:1)
  8 white draconians
  8 black draconians
  17 purple draconians
  2 spark wasps
  2 deep elf demonologists
  5 yellow draconians
  8 mottled draconians
  2 eidola
  11 red draconians
  2 green deaths (Swamp:4)
  19 fire dragons
  A merfolk javelineer (Depths:1)
  2 death oozes (Swamp:4)
  A merfolk impaler (Depths:1)
  15 ettins
  Snorg (Lair:7)
  6 deep elf death magi
  2 quicksilver dragon zombies (Depths:3)
  12 jiangshi
  A minotaur (shapeshifter) (Vaults:5)
  3 small abominations
  46 vault guards
  3 deep elf high priests
  11 yaktaur captains
  6 great orbs of eyes
  3 rakshasas
  11 entropy weavers
  25 hydras
  12 naga warriors
  6 spriggan air magi
  18 ice dragons
  2 hell beasts
  4 ghost crabs
  5 death knights
  4 catoblepae
  17 anacondas
  15 centaur warriors
  12 ogre magi
  An iron giant skeleton (Depths:3)
  7 tengu warriors
  An anaconda (shapeshifter) (Depths:5)
  6 alligators
  10 deep troll shamans
  11 death yaks (Lair:8)
  12 vampire magi
  4 deep troll earth magi
  A thrashing horror (Swamp:4)
  15 hell knights
  6 orc high priests
  A titan zombie (Depths:3)
  4 spriggan berserkers
  A large abomination (Swamp:4)
  23 naga sharpshooters
  5 soul eaters
  A fire crab (shapeshifter) (Depths:2)
  3 deep elf knights
  9 shock serpents
  4 iron trolls
  8 salamander mystics
  39 skeletal warriors
  An infernal demonspawn (Orc:2)
  An anaconda zombie (Crypt:3)
  A shadow wraith (Crypt:3)
  4 spriggan druids
  4 unseen horrors
  2 shadow dragon zombies (Crypt:3)
  16 deep trolls
  10 naga ritualists
  3 deep elf archers
  7 flayed ghosts
  6 wizards
  A putrid demonspawn (Orc:2)
  8 hill giants
  29 phantasmal warriors
  6 giant orange brains
  3 golden dragon skeletons
  11 swamp dragons
  2 harpies (Depths:1)
  19 orc knights
  A tengu zombie (Depths:3)
  4 lindwurms (Snake:4)
  8 necromancers
  8 mana vipers
  23 ironbrand convokers
  12 griffons
  2 hornets
  An orb spider (shapeshifter) (Vaults:2)
  A cyclops (shapeshifter) (D:14)
  12 orc sorcerers
  2 wolf spider zombies (Crypt:3)
  5 deep elf magi
  3 fire giant zombies
  17 salamanders
  54 ugly things
  22 moths of wrath
  6 cyclopes
  5 wolf spiders
  8 manticores
  A wolf spider (shapeshifter) (Vaults:5)
  A hornet (shapeshifter) (Vaults:4)
  A griffon (shapeshifter) (D:15)
  44 black mambas
  7 elephants
  A rust devil (Orc:2)
  A water nymph (shapeshifter) (Vaults:1)
  4 centaur zombies
  3 dire elephant zombies (Crypt:3)
  3 octopodes (shapeshifter)
  A black mamba (shapeshifter) (Vaults:3)
  26 naga magi
  3 smoke demons
  An elephant (shapeshifter) (Depths:5)
  9 guardian serpents
  A torpor snail (Lair:8)
  3 orange demons (Swamp:4)
  6 gargoyles
  16 vault sentinels
  5 kobold demonologists (D:15)
  26 spiny frogs
  A catoblepas zombie (Crypt:3)
  7 freezing wraiths
  2 rime drakes
  A swamp worm zombie (Crypt:3)
  2 efreet
  A spiny frog (shapeshifter) (Vaults:1)
  8 komodo dragons
  57 yaktaurs
  A spark wasp simulacrum (Depths:3)
  An ice devil (D:1)
  3 red devils
  3 giant leeches
  2 polar bears (shapeshifter)
  2 spriggan skeletons
  3 tengu conjurers
  9 trolls
  A green draconian skeleton (Crypt:3)
  4 jumping spiders
  A wolf spider simulacrum (D:15)
  Prince Ribbit (D:6)
  2 two-headed ogres (shapeshifter)
  55 slime creatures
  A wind drake (shapeshifter) (Vaults:4)
  19 two-headed ogres
  3 boulder beetles
  A fire dragon zombie (Crypt:3)
  A tarantella zombie (Crypt:1)
  31 blink frogs
  A stone giant simulacrum (Vaults:3)
  A guardian serpent zombie (Crypt:1)
  12 bog bodies
  A fire giant simulacrum (Vaults:1)
  A flying skull (Vaults:3)
  A satyr zombie (Crypt:2)
  2 redbacks (shapeshifter)
  4 wyverns
  An ettin skeleton (Crypt:1)
  A satyr skeleton (Crypt:1)
  7 shadows
  3 water elementals (Depths:1)
  7 air elementals
  13 wraiths
  12 redbacks
  11 spriggans
  A ynoxinul (Orc:2)
  A tarantella (shapeshifter) (Depths:2)
  70 yaks
  3 vampires
  An elf zombie (Depths:3)
  3 basilisks
  A tarantella (Depths:3)
  A chaos spawn (Orc:2)
  16 humans
  A golden eye (shapeshifter) (Depths:4)
  A neqoxec (Orc:2)
  18 vampire mosquitoes
  11 hippogriffs
  A hungry ghost (D:14)
  51 nagas
  13 wolves
  10 wargs
  3 mottled dragons
  A warg (shapeshifter) (Vaults:1)
  13 insubstantial wisps
  Edmund (D:4)
  29 swamp worms
  4 hell hounds (Depths:1)
  A putrid demonspawn zombie (Crypt:3)
  A soldier ant (shapeshifter) (Depths:2)
  A soldier ant (D:13)
  Duvessa (D:6)
  2 spiny frog zombies (Crypt:3)
  9 porcupines
  12 water moccasins
  9 swamp drakes
  An elephant zombie (Crypt:1)
  62 orc warriors
  A wasp (shapeshifter) (D:15)
  An ice beast (D:10)
  2 black bears
  2 necrophages (Crypt:3)
  An eye of draining (D:8)
  4 sky beasts
  18 wasps
  A phantom (D:14)
  2 boggarts
  53 ogres
  A snapping turtle skeleton (Crypt:2)
  18 crocodiles
  A crocodile (shapeshifter) (Vaults:3)
  25 centaurs
  A torpor snail zombie (Crypt:2)
  A big kobold (D:9)
  A yaktaur zombie (Crypt:1)
  Blork the orc (D:6)
  17 giant frogs
  A human simulacrum (Depths:3)
  Dowan (D:6)
  A wyvern skeleton (D:13)
  A hell hound skeleton (Crypt:3)
  8 scorpions
  7 killer bees
  A yak skeleton (Crypt:2)
  A hippogriff skeleton (Crypt:2)
  14 wights
  7 howler monkeys
  4 crimson imps
  9 jellies
  A wolf skeleton (Crypt:1)
  38 orc priests
  A black bear zombie (Crypt:1)
  2 giant frog skeletons
  2 centaur skeletons
  9 hounds
  5 iguanas
  A basilisk skeleton (Crypt:1)
  13 orc wizards
  15 worker ants
  A porcupine skeleton (Crypt:1)
  18 sheep
  A crocodile skeleton (Crypt:2)
  A hound zombie (D:11)
  A hound skeleton (D:6)
  2 worker ant zombies
  6 gnolls
  A howler monkey zombie (D:10)
  10 adders
  A river rat (shapeshifter) (Vaults:5)
  66 river rats
  9 shadow imps
  4 giant eyeballs (Depths:2)
  An ooze (D:3)
  2 adder skeletons (D:8)
  3 adder zombies
  3 worms
  3 dart slugs
  2 giant geckos
  126 orcs
  2 ball pythons
  A bat zombie (Crypt:3)
  5 giant cockroaches
  12 goblins
  4 hobgoblins
  23 jackals
  5 quokkas
  6 bats
  A giant cockroach zombie (D:6)
  9 giant newts
  17 kobolds
  5 rats
  A river rat skeleton (Crypt:2)
  2 briar patches (Swamp:4)
  A butterfly (Lair:7)
  A crawling corpse (Depths:1)
  A fire vortex (D:14)
  2 fungi
  3 plants
2597 creatures vanquished.

Vanquished Creatures (collateral kills)
  A juggernaut (Depths:4)
  A tentacled monstrosity (Vaults:5)
  A storm dragon (Zot:1)
  A shadow dragon (Vaults:5)
  A frost giant (Depths:4)
  A vault warden (Vaults:2)
  2 orc warlords
  A war gargoyle (Vaults:2)
  A draconian caller (Zot:1)
  2 vault guards
  A yaktaur captain (Vaults:5)
  A rakshasa (D:15)
  A hydra (Lair:3)
  2 naga warriors (Snake:3)
  An anaconda (Snake:4)
  Sonja (D:10)
  A gelid demonspawn (Orc:2)
  A shambling mangrove (Swamp:2)
  2 ironbrand convokers
  6 ugly things
  A manticore (D:11)
  A salamander (Vaults:5)
  A shining eye (shapeshifter) (D:14)
  Joseph (D:7)
  2 moths of wrath
  A gargoyle (D:9)
  A yaktaur (Vaults:1)
  A merfolk (D:9)
  A boulder beetle (Vaults:5)
  A bog body (Swamp:3)
  A yak (D:14)
  2 humans (D:14)
  2 vampire mosquitoes (Swamp:2)
  A naga (Snake:4)
  2 insubstantial wisps (Swamp:2)
  A swamp worm (Lair:3)
  An orc warrior (Orc:1)
  2 phantoms
  An ogre (Orc:2)
  2 big kobolds
  A giant frog (D:7)
  3 killer bees (D:10)
  2 crimson imps
  A giant frog zombie (D:7)
  A centaur zombie (D:7)
  2 jellies (D:9)
  A wasp zombie (D:7)
  2 orc priests
  An orc wizard (Orc:2)
  A gnoll (D:7)
  An adder (D:10)
  6 orcs
  A jackal (D:9)
  2 kobolds
  A crawling corpse (Vaults:5)
  A fire vortex (Vaults:5)
82 creatures vanquished.

Vanquished Creatures (others)
  An ancient lich (Zot:5)
  Nikola (Swamp:3)
  A tengu reaver (Depths:2)
  A draconian scorcher (Zot:3)
  A deep troll (Vaults:4)
  A black mamba (Snake:2)
  A freezing wraith (Vaults:1)
  A giant leech (Swamp:3)
  A vampire mosquito (Swamp:2)
  4 insubstantial wisps (Swamp:2)
  An ogre (Depths:1)
  An ufetubus (Zot:1)
  2 briar patches (Swamp:4)
  A fire vortex (D:14)
  18 fungi
  4 lost souls
  8 plants
  8 toadstools (Swamp:2)
56 creatures vanquished.

Grand Total: 2735 creatures vanquished

Notes
Turn   | Place    | Note
--------------------------------------------------------------
     0 | D:1      | Slowtrain the Demonspawn Transmuter began the quest for the Orb.
     0 | D:1      | Reached XP level 1. HP: 15/15 MP: 3/3
   250 | D:1      | Reached skill level 3 in Unarmed Combat
   250 | D:1      | Gained mutation: You have large cloven feet. [demonic ancestry]
   250 | D:1      | Reached XP level 2. HP: 21/21 MP: 1/5
   273 | D:1      | Learned a level 2 spell: Sticks to Snakes
  1124 | D:2      | Reached XP level 3. HP: 26/26 MP: 0/6
  1443 | D:2      | Found a sparkling altar of Nemelex Xobeh.
  1498 | D:2      | Learned a level 3 spell: Spider Form
  1978 | D:2      | Found a burning altar of Makhleb.
  1983 | D:2      | Became a worshipper of Makhleb the Destroyer
  2069 | D:2      | Gained mutation: When hurt, damage is shared between your health and your magic reserves. [demonic ancestry]
  2069 | D:2      | Reached XP level 4. HP: 25/32 MP: 3/7
  2798 | D:3      | Reached skill level 4 in Unarmed Combat
  3103 | D:3      | Reached skill level 1 in Poison Magic
  3254 | D:3      | Found an ancient bone altar of Kikubaaqudgha.
  3261 | D:3      | Reached * piety under Makhleb
  3466 | D:3      | Gained mutation: You are partially covered in molten scales (AC +1). [demonic ancestry]
  3466 | D:3      | Reached XP level 5. HP: 37/37 MP: 4/8
  3845 | D:4      | Reached skill level 1 in Invocations
  3974 | D:4      | Noticed Edmund
  3984 | D:4      | Killed Edmund
  3984 | D:4      | Reached skill level 5 in Unarmed Combat
  3984 | D:4      | Gained mutation: Your flesh is heat resistant. [demonic ancestry]
  3984 | D:4      | Reached XP level 6. HP: 43/43 MP: 1/9
  4071 | D:4      | Reached ** piety under Makhleb
  4566 | D:4      | Upgraded the game from 0.18-a0-1443-ge8f1551 to 0.18-a0-1468-gaf180a1
  4609 | D:4      | Noticed a sky beast
  4618 | D:4      | Killed a sky beast
  4739 | D:4      | Gained mutation: You have hoof-like feet. [demonic ancestry]
  4739 | D:4      | Reached XP level 7. HP: 48/48 MP: 3/10
  5066 | D:5      | Entered Level 5 of the Dungeon
  5120 | D:5      | Found a staircase to the Ecumenical Temple.
  5130 | Temple   | Entered the Ecumenical Temple
  5187 | D:5      | Reached skill level 5 in Invocations
  5354 | D:5      | Reached skill level 6 in Unarmed Combat
  5505 | D:5      | Found a radiant altar of Vehumet.
  6107 | D:6      | Reached skill level 7 in Unarmed Combat
  6244 | D:6      | Noticed Duvessa
  6245 | D:6      | Noticed Dowan
  6254 | D:6      | Killed Duvessa
  6254 | D:6      | Gained mutation: You are immune to clouds of flame. [demonic ancestry]
  6254 | D:6      | Reached XP level 8. HP: 38/54 MP: 4/11
  6261 | D:6      | Killed Dowan
  6358 | D:6      | Reached skill level 8 in Unarmed Combat
  6639 | D:6      | Reached *** piety under Makhleb
  6694 | D:6      | Noticed Menkaure
  6753 | D:6      | Noticed Prince Ribbit
  6765 | D:6      | Killed Prince Ribbit
  6810 | D:6      | Found Miumaze's General Store.
  6816 | D:6      | Bought a scroll of magic mapping for 45 gold pieces
  7120 | D:6      | Noticed Blork the orc
  7134 | D:6      | Killed Blork the orc
  7134 | D:6      | Reached skill level 9 in Unarmed Combat
  7177 | D:6      | Found a white marble altar of Elyvilon.
  7305 | D:6      | Found an opulent altar of Gozag.
  7305 | D:6      | Found a glowing silver altar of Zin.
  7524 | D:7      | Gained mutation: Your demonic aura causes spilled blood to erupt in flames. [demonic ancestry]
  7524 | D:7      | Reached XP level 9. HP: 59/59 MP: 12/12
  7698 | D:7      | Noticed a cyan ugly thing
  7709 | D:7      | Killed a cyan ugly thing
  7709 | D:7      | Reached skill level 5 in Dodging
  7715 | D:7      | Noticed Joseph
  7721 | D:7      | Killed Joseph
  7721 | D:7      | Reached skill level 10 in Unarmed Combat
  7785 | D:7      | Reached skill level 1 in Stealth
  7816 | D:7      | Reached **** piety under Makhleb
  8228 | D:7      | Found a glowing golden altar of the Shining One.
  8228 | D:7      | Found a stormy altar of Qazlal.
  8229 | D:7      | Found a snail-covered altar of Cheibriados.
  8329 | D:8      | Learned a level 4 spell: Ice Form
  8345 | D:8      | Found a bloodstained altar of Trog.
  8508 | D:8      | Found an iron altar of Okawaru.
  8520 | D:8      | Gained mutation: You regenerate magic rapidly. [demonic ancestry]
  8520 | D:8      | Reached XP level 10. HP: 66/71 MP: 9/13
  9367 | D:9      | Got a faintly humming leather armour
  9455 | D:9      | Noticed a gargoyle
  9468 | D:9      | Killed a gargoyle
  9468 | D:9      | Reached skill level 5 in Fighting
  9555 | D:9      | Found a staircase to the Lair.
  9578 | D:9      | Found a shadowy altar of Dithmenos.
  9601 | D:9      | Reached ***** piety under Makhleb
  9611 | D:9      | Reached skill level 5 in Stealth
  9912 | D:9      | Found an oddly glowing altar of Pakellas.
  9939 | D:9      | Reached skill level 1 in Ice Magic
 10445 | D:10     | Entered Level 10 of the Dungeon
 10950 | D:10     | Reached skill level 5 in Transmutations
 11067 | D:10     | Noticed a hill giant
 11125 | D:10     | Noticed Sonja
 11673 | D:10     | Killed a hill giant
 11673 | D:10     | Gained mutation: When low on magic, you restore magic in place of health. [demonic ancestry]
 11673 | D:10     | Reached XP level 11. HP: 49/79 MP: 8/14
 11790 | D:10     | Killed Sonja
 11944 | D:10     | Found an iron altar of Okawaru.
 11961 | D:10     | Noticed a hill giant
 11973 | D:10     | Killed a hill giant
 11987 | D:10     | Learned a level 5 spell: Blade Hands
 12847 | D:11     | Noticed a brown ugly thing
 12856 | D:11     | Killed a brown ugly thing
 12856 | D:11     | Reached skill level 5 in Spellcasting
 12947 | D:11     | Killed an unseen horror
 13127 | D:11     | Identified the cursed +0 leather armour "Juguexaj" {-Cast rElec rF+ MR+++} (You found it on level 9 of the Dungeon)
 13270 | Lair:1   | Entered Level 1 of the Lair of Beasts
 13581 | Lair:1   | Noticed utis's ghost (journeyman OgBe)
 14410 | Lair:3   | Reached XP level 12. HP: 86/86 MP: 15/19
 14636 | Lair:3   | Reached skill level 11 in Unarmed Combat
 14705 | Lair:3   | Found a staircase to the Swamp.
 14844 | Lair:3   | Noticed an eight-headed hydra
 14857 | Lair:3   | Killed an eight-headed hydra
 14857 | Lair:3   | Reached skill level 10 in Transmutations
 15492 | Lair:3   | Upgraded the game from 0.18-a0-1468-gaf180a1 to 0.18-a0-1481-g708b138
 15677 | Lair:4   | Noticed an eight-headed hydra
 15700 | Lair:4   | Killed an eight-headed hydra
 15899 | Lair:4   | Noticed a seven-headed hydra
 15905 | Lair:4   | Killed a seven-headed hydra
 16275 | Lair:4   | Reached ****** piety under Makhleb
 16279 | Lair:4   | Reached skill level 12 in Unarmed Combat
 16543 | Lair:5   | Found a staircase to the Snake Pit.
 17134 | Lair:6   | Noticed a catoblepas
 17476 | Lair:6   | Killed a catoblepas
 17476 | Lair:6   | Reached XP level 13. HP: 92/94 MP: 13/20
 18035 | Lair:6   | Upgraded the game from 0.18-a0-1481-g708b138 to 0.18-a0-1485-g189885c
 18276 | Lair:7   | Reached skill level 13 in Unarmed Combat
 18592 | Lair:7   | Got a slimy ring mail
 18733 | Lair:7   | Noticed Snorg
 18741 | Lair:7   | Killed Snorg
 19394 | Lair:8   | Entered Level 8 of the Lair of Beasts
 20061 | Lair:8   | Reached skill level 14 in Unarmed Combat
 20228 | Lair:8   | Reached skill level 10 in Invocations
 20231 | Lair:8   | Gained mutation: You are mostly covered in molten scales (AC +3, EV -1). [demonic ancestry]
 20231 | Lair:8   | Reached XP level 14. HP: 94/103 MP: 15/21
 21028 | Lair:8   | Found a viscous altar of Jiyva.
 21028 | Lair:8   | Found a staircase to the Slime Pits.
 21495 | Lair:1   | Killed utis's ghost
 22422 | D:11     | Found a staircase to the Orcish Mines.
 22778 | D:12     | Found Umanlul's Book Boutique.
 23174 | D:12     | Bought a book of Air for 560 gold pieces
 23177 | D:12     | Learned a level 2 spell: Repel Missiles
 23180 | D:12     | Learned a level 2 spell: Swiftness
 23421 | D:13     | Reached skill level 1 in Air Magic
 23585 | D:13     | Identified the +4 ring mail "Ficlyis" {+Inv rElec Str+5 Int-2} (You found it on level 7 of the Lair of Beasts)
 23955 | D:14     | Found a gate to the Vaults.
 23955 | D:14     | Noticed a salamander stormcaller
 23955 | D:14     | Noticed Donald
 23955 | D:14     | Noticed Rupert
 24126 | D:14     | Reached skill level 1 in Charms
 24335 | D:14     | Reached skill level 1 in Shields
 25090 | D:14     | Reached XP level 15. HP: 102/112 MP: 16/24
 25275 | D:14     | Reached skill level 1 in Evocations
 25371 | D:14     | Paralysed by Rupert for 7 turns
 25382 | D:14     | Killed Rupert
 25925 | D:14     | Killed Donald
 26093 | D:14     | Identified a scroll of acquirement
 26323 | D:14     | Reached skill level 5 in Evocations
 26602 | D:15     | Entered Level 15 of the Dungeon
 26646 | D:15     | Found a white marble altar of Elyvilon.
 26675 | D:15     | Reached skill level 1 in Armour
 27589 | D:15     | Found a staircase to the Depths.
 27708 | D:15     | Reached skill level 5 in Armour
 28195 | Orc:1    | Entered Level 1 of the Orcish Mines
 28221 | Orc:1    | Found a roughly hewn altar of Beogh.
 28277 | Orc:1    | Gained mutation: You have hooves in place of feet. [demonic ancestry]
 28277 | Orc:1    | Reached XP level 16. HP: 113/119 MP: 25/25
 28754 | Orc:1    | Found a roughly hewn altar of Beogh.
 28930 | Orc:1    | Upgraded the game from 0.18-a0-1485-g189885c to 0.18-a0-1497-g788d838
 28949 | Orc:1    | Reached skill level 15 in Unarmed Combat
 28982 | Orc:2    | Entered Level 2 of the Orcish Mines
 29030 | Orc:2    | Found a roughly hewn altar of Beogh.
 29245 | Orc:2    | Found Zoulozum's Food Shoppe.
 29246 | Orc:2    | Found Rawneel's Food Emporium.
 29751 | Orc:2    | Paralysed by an orc sorcerer for 3 turns
 29915 | Orc:2    | Paralysed by an orc sorcerer for 4 turns
 29949 | Orc:2    | Found Bolu's Antique Armour Boutique.
 29949 | Orc:2    | Found Foakha's Book Shop.
 29949 | Orc:2    | Found a one-way gate leading to the halls of Pandemonium.
 30084 | Orc:2    | Found a staircase to the Elven Halls.
 31116 | Swamp:1  | Entered Level 1 of the Swamp
 31128 | Swamp:1  | Reached skill level 10 in Dodging
 32894 | Swamp:1  | Upgraded the game from 0.18-a0-1497-g788d838 to 0.18-a0-1507-g69458e0
 33238 | Swamp:2  | Noticed Roxanne
 33483 | Swamp:2  | Noticed a thorn hunter
 33494 | Swamp:2  | Killed a thorn hunter
 33709 | Swamp:2  | Noticed a tentacled monstrosity
 33715 | Swamp:2  | Killed a tentacled monstrosity
 33715 | Swamp:2  | Reached skill level 10 in Fighting
 33841 | Swamp:2  | Noticed Frances
 33841 | Swamp:2  | Noticed an Executioner
 34087 | Swamp:2  | Killed Frances
 34591 | Orc:2    | Bought a book of Spatial Translocations for 1105 gold pieces
 34594 | Orc:2    | Learned a level 2 spell: Blink
 34596 | Orc:2    | Learned a level 1 spell: Apportation
 34940 | Swamp:3  | Noticed Mara
 34947 | Swamp:3  | Noticed Slowtrain's illusion
 34955 | Swamp:3  | Noticed a thorn hunter
 35181 | Swamp:3  | Reached skill level 1 in Translocations
 35181 | Swamp:3  | Reached XP level 17. HP: 117/128 MP: 12/26
 35193 | Swamp:3  | Noticed Nikola
 35209 | Swamp:3  | Killed Nikola
 35771 | Swamp:3  | Noticed Slowtrain's illusion
 36447 | Swamp:3  | Noticed Slowtrain's illusion
 36551 | Snake:1  | Entered Level 1 of the Snake Pit
 37295 | Snake:1  | Noticed Asterion
 37314 | Snake:1  | Killed Asterion
 37661 | Snake:1  | You fall through a shaft!
 37695 | Snake:2  | Reached skill level 5 in Translocations
 38421 | Snake:2  | Reached skill level 16 in Unarmed Combat
 40266 | Snake:3  | Found Zetaghua's General Store.
 40274 | Snake:3  | Bought a beef jerky for 15 gold pieces
 40274 | Snake:3  | Bought a beef jerky for 15 gold pieces
 40274 | Snake:3  | Bought a potion of heal wounds for 50 gold pieces
 40345 | Snake:3  | Reached skill level 10 in Evocations
 40431 | Snake:3  | Reached skill level 1 in Throwing
 40822 | Snake:3  | Reached XP level 18. HP: 101/134 MP: 15/27
 41016 | Snake:3  | Learned a level 2 spell: Song of Slaying
 41020 | Snake:3  | Learned a level 3 spell: Regeneration
 41245 | Snake:4  | Entered Level 4 of the Snake Pit
 41649 | Snake:4  | Noticed Agnes
 41654 | Snake:4  | Killed Agnes
 41703 | Snake:4  | Found Rodiwawo's Distillery.
 41712 | Snake:4  | Bought a potion of haste for 180 gold pieces
 42004 | Snake:4  | Reached skill level 17 in Unarmed Combat
 42039 | Snake:4  | Reached skill level 1 in Necromancy
 42296 | Snake:4  | Reached skill level 5 in Throwing
 42900 | Snake:4  | Reached skill level 5 in Necromancy
 43811 | Snake:4  | Got a serpentine rune of Zot
 44355 | Vaults:1 | Entered Level 1 of the Vaults
 44432 | Vaults:1 | Reached XP level 19. HP: 139/141 MP: 31/31
 44686 | Vaults:1 | Noticed Saint Roka
 44697 | Vaults:1 | Killed Saint Roka
 44697 | Vaults:1 | Reached skill level 5 in Charms
 45370 | Vaults:1 | Found Nanoin's Magic Scroll Shoppe.
 45824 | Vaults:1 | Upgraded the game from 0.18-a0-1507-g69458e0 to 0.18-a0-1514-g6ed9364
 46423 | Vaults:2 | Noticed Frederick
 46450 | Vaults:2 | Killed Frederick
 46836 | Vaults:2 | Reached skill level 18 in Unarmed Combat
 47228 | Vaults:2 | Reached XP level 20. HP: 65/151 MP: 15/32
 49119 | Vaults:3 | Found Befuuquf's Jewellery Emporium.
 49127 | Vaults:3 | Bought an uncursed ring of protection from magic for 425 gold pieces
 49249 | Vaults:3 | Found a staircase to the Crypt.
 50504 | Vaults:4 | Found Huecry's Gadget Shop.
 51490 | Depths:1 | Entered Level 1 of the Depths
 51510 | Depths:1 | Gained mutation: You resist negative energy. [demonic ancestry]
 51510 | Depths:1 | Reached XP level 21. HP: 69/159 MP: 8/33
 51614 | Depths:1 | Found a one-way gate to the infinite horrors of the Abyss.
 51663 | Depths:1 | Found a gateway to Hell.
 52983 | Depths:1 | Upgraded the game from 0.18-a0-1514-g6ed9364 to 0.18-a0-1523-gbe15c29
 53726 | Depths:2 | Found a burning altar of Makhleb.
 53741 | Depths:2 | Got a twitching lead ring
 53742 | Depths:2 | Identified the ring of Soenatat {rF+ rC++ Str+2} (You acquired it on level 2 of the Depths)
 53959 | Depths:2 | Paralysed by a giant eyeball for 3 turns
 54011 | Depths:2 | Got an ancient lapis lazuli ring
 54012 | Depths:2 | Identified the ring "Okkinix" {rElec MP+9 Str+4 Dex+2} (You found it on level 2 of the Depths)
 54058 | Depths:2 | Reached skill level 15 in Invocations
 54070 | Depths:2 | Upgraded the game from 0.18-a0-1523-gbe15c29 to 0.18-a0-1526-gcb34c7c
 54117 | Depths:2 | Got a slimy ivory ring
 54118 | Depths:2 | Identified the ring of Trepidation {rC++ Str+3 Dex+2} (You took it off a rakshasa on level 2 of the Depths)
 54217 | Depths:2 | Found a shattered altar of Ashenzari.
 54789 | Depths:2 | Gained mutation: You are completely covered in molten scales (AC +4, EV -1, rF+). [demonic ancestry]
 54789 | Depths:2 | Reached XP level 22. HP: 169/169 MP: 32/35
 54863 | Depths:2 | Reached skill level 19 in Unarmed Combat
 54877 | Depths:2 | Got a clouded bronze ring
 54878 | Depths:2 | Identified the ring "Capsago" {rCorr rElec rC- Str+3 Dex+2} (You found it on level 2 of the Depths)
 54911 | Depths:2 | Upgraded the game from 0.18-a0-1526-gcb34c7c to 0.18-a0-1539-g1c7284a
 55106 | Depths:2 | Reached skill level 10 in Spellcasting
 55733 | Depths:3 | Reached skill level 5 in Air Magic
 56110 | Depths:3 | Identified the Disquisition on Stolen Souls (You found it on level 3 of the Depths)
 56892 | Depths:3 | Upgraded the game from 0.18-a0-1539-g1c7284a to 0.18-a0-1542-g9c1a92e
 57016 | Depths:4 | Got an ichor-stained cloak
 57020 | Depths:4 | Identified the +0 cloak of Mezcal {rF+ rCorr MP+9} (You acquired it on level 4 of the Depths)
 57191 | Depths:4 | Noticed a golden dragon
 57203 | Depths:4 | Killed a golden dragon
 57495 | Depths:4 | Found a gateway to a ziggurat.
 57498 | Depths:4 | Upgraded the game from 0.18-a0-1542-g9c1a92e to 0.18-a0-1551-g40744a8
 57949 | Depths:4 | Noticed a juggernaut
 57949 | Depths:4 | Noticed a golden dragon
 57965 | Depths:4 | Killed a golden dragon
 57975 | Depths:4 | Killed a juggernaut
 58173 | Depths:4 | Noticed a caustic shrike
 58186 | Depths:4 | Killed a caustic shrike
 58344 | Depths:4 | Reached XP level 23. HP: 142/175 MP: 33/37
 58541 | Depths:5 | Entered Level 5 of the Depths
 58596 | Depths:5 | Reached skill level 10 in Translocations
 58672 | Depths:5 | Noticed Jorgrun
 58684 | Depths:5 | Killed Jorgrun
 59140 | Depths:5 | Found a sparkling altar of Nemelex Xobeh.
 59395 | Depths:5 | Noticed Jory
 59404 | Depths:5 | Killed Jory
 59900 | Depths:5 | Found a gate to the Realm of Zot.
 60795 | Swamp:3  | Noticed Slowtrain's illusion
 60801 | Swamp:3  | Killed Mara
 61210 | Swamp:4  | Entered Level 4 of the Swamp
 61741 | Swamp:4  | Reached skill level 15 in Fighting
 61862 | Swamp:4  | Got a decaying rune of Zot
 62573 | Swamp:4  | Upgraded the game from 0.18-a0-1551-g40744a8 to 0.18-a0-1560-ge216ca8
 62928 | Vaults:4 | Bought a +0 lightning rod (14/14) for 1140 gold pieces
 63018 | Crypt:1  | Entered Level 1 of the Crypt
 63205 | Crypt:1  | Noticed Wiglaf
 63214 | Crypt:1  | Killed Wiglaf
 63722 | Crypt:1  | Reached XP level 24. HP: 181/188 MP: 36/37
 64144 | Crypt:2  | Reached skill level 15 in Dodging
 64608 | Crypt:3  | Entered Level 3 of the Crypt
 64951 | Crypt:3  | Found a staircase to the Tomb.
 65291 | Crypt:3  | Reached skill level 20 in Unarmed Combat
 65433 | Crypt:3  | Found an ancient bone altar of Kikubaaqudgha.
 65511 | Crypt:3  | Paralysed by a vampire knight for 2 turns
 65686 | Crypt:3  | Identified the Grimoire of Black Secrets (You found it on level 3 of the Crypt)
 65692 | Crypt:3  | Learned a level 4 spell: Animate Dead
 65922 | Crypt:3  | Paralysed by a vampire knight for 4 turns
 65979 | Crypt:3  | Upgraded the game from 0.18-a0-1560-ge216ca8 to 0.18-a0-1562-gac8da35
 66173 | Vaults:5 | Entered Level 5 of the Vaults
 66196 | Vaults:5 | Paralysed by a great orb of eyes for 3 turns
 66269 | Vaults:5 | Reached skill level 15 in Evocations
 66275 | Vaults:5 | Gained mutation: You are somewhat able to resist unholy torments (1 in 2 success). [demonic ancestry]
 66275 | Vaults:5 | Reached XP level 25. HP: 197/197 MP: 15/37
 66555 | Vaults:5 | Got a smelly ring mail
 66556 | Vaults:5 | Identified the cursed +0 ring mail "Liong" {Int+6} (You found it on level 5 of the Vaults)
 66565 | Vaults:5 | Got a silver rune of Zot
 66834 | Vaults:5 | Got a warped scale mail
 66835 | Vaults:5 | Identified the +5 scale mail of Indecent Exposure {rPois rN+} (You found it on level 5 of the Vaults)
 66872 | Vaults:5 | Learned a level 3 spell: Recall
 66879 | Vaults:5 | Identified Jugest's Last Secrets of Secret Knowledge (You found it on level 5 of the Vaults)
 67137 | Vaults:5 | Identified a +5 rod of inaccuracy (12/12) (You found it on level 5 of the Vaults)
 67227 | Vaults:5 | Got a heavily runed buckler
 67228 | Vaults:5 | Identified the cursed +0 buckler of Houlup {*Drain rElec rPois Str+2} (You found it on level 5 of the Vaults)
 67240 | Vaults:5 | Got a shimmering gossamer ring
 67241 | Vaults:5 | Identified the cursed ring "Ezolegga" {rN+ AC-3 Str+2 Int+4 Dex+4} (You found it on level 5 of the Vaults)
 67360 | Vaults:5 | Got a heavily runed bronze amulet
 67361 | Vaults:5 | Identified the amulet of Jiqadosa {Spirit rElec rPois MR+ Int+2} (You took it off an ironheart preserver on level 5 of the Vaults)
 67963 | Vaults:5 | Upgraded the game from 0.18-a0-1562-gac8da35 to 0.18-a0-1575-g920359c
 69319 | Zot:1    | Entered Level 1 of the Realm of Zot
 69410 | Zot:1    | Upgraded the game from 0.18-a0-1575-g920359c to 0.18-a0-1577-gf591c28
 69454 | Zot:1    | Learned a level 2 spell: Passwall
 69637 | Zot:1    | Reached skill level 21 in Unarmed Combat
 70074 | Zot:1    | Reached XP level 26. HP: 204/204 MP: 37/37
 70082 | Zot:1    | Noticed an orb of fire
 70097 | Zot:1    | Killed an orb of fire
 70467 | Zot:2    | Reached skill level 10 in Armour
 71076 | Zot:3    | Got an encrusted scale mail
 71077 | Zot:3    | Identified the cursed +1 scale mail of Kublos {rElec Dex+3} (You found it on level 3 of the Realm of Zot)
 73219 | Zot:5    | Entered Level 5 of the Realm of Zot
 73625 | Zot:5    | Reached skill level 22 in Unarmed Combat
 73897 | Zot:5    | Noticed an orb of fire
 73906 | Zot:5    | Gained mutation: Your body sometimes deteriorates upon taking damage. [an orb of fire]
 73913 | Zot:5    | Killed an orb of fire
 73913 | Zot:5    | Gained mutation: Your melee attacks may debilitate your foes. [demonic ancestry]
 73913 | Zot:5    | Reached XP level 27. HP: 214/216 MP: 32/37
 73957 | Zot:5    | Noticed an orb of fire
 73961 | Zot:5    | Gained mutation: You are dopey. (Int -2) [an orb of fire]
 73962 | Zot:5    | Gained mutation: Your spells are a little harder to cast, but a little more powerful. [an orb of fire]
 73971 | Zot:5    | Killed an orb of fire
 74217 | Zot:5    | Noticed an orb of fire
 74233 | Zot:5    | Gained mutation: You are clumsy. (Dex -2) [an orb of fire]
 74251 | Zot:5    | Killed an orb of fire
 74315 | Zot:5    | Noticed an ancient lich
 74333 | Zot:5    | Killed an ancient lich
 74385 | Zot:5    | Lost mutation: Your spells are a little harder to cast, but a little more powerful. [potion of cure mutation]
 74385 | Zot:5    | Lost mutation: You are dopey. (Int -2) [potion of cure mutation]
 74385 | Zot:5    | Lost mutation: You are clumsy. (Dex -2) [potion of cure mutation]
 74385 | Zot:5    | Lost mutation: Your body sometimes deteriorates upon taking damage. [potion of cure mutation]
 74387 | Zot:5    | Got the Orb of Zot
 74663 | Depths:4 | Noticed Ureoda the pandemonium lord
 75088 | D:$      | Escaped with the Orb!

Vault maps used:
D:1:      lightli_arrival_quake
D:2:      lightli_temple_of_fire, old_standard_altar
D:3:      old_standard_altar
D:4:      first_bread, kennysheep_generic_room_4, uniq_edmund
D:5:      lemuel_round_altar, temple_hall, kennysheep_big_empty_room,
          solitary_fountain, hangedman_abyss_or_decor_stagger
D:6:      grunt_temple_overflow_gold_and_silver, elyvilon_altar_3, serial_shops,
          shop, uniq_duvessa, uniq_menkaure, uniq_prince_ribbit1,
          uniq_blork_the_orc
D:7:      hangedman_cross_stitches, gammafunk_temple_overflow_claw, uniq_joseph
D:8:      okawaru_humans, bloody_trog
D:9:      nicolae_dithmenos_shadow_blocks, grunt_pakellas_salt, lair_0_dummy,
          hangedman_fish_farm
D:10:     basic_altar, due_unseen_surprise, uniq_sonja
D:11:     orc_0_dummy
D:12:     serial_shops, nicolae_shop_crystal
D:14:     minmay_big_diamond_grid, david_vaults_3,
          corexii_mini_fake_secret_closet, grunt_decor_mini_mirrors
D:15:     gammafunk_enter_depths_forms, lemuel_doored_altar
Temple:   circular_temple_6
Lair:1:   serial_bayou_shore_b, infiniplex_staircase_pool_2, lemuel_fruit_tree
Lair:3:   swamp_mist
Lair:5:   guppyfry_snake_entry_garden, grunt_forest_small_clearing_treed,
          grunt_megastairs_5, serial_bayou_shore_b
Lair:6:   serial_bayou_shore_a
Lair:7:   lemuel_fruit_fields, serial_bayou_shore_b, uniq_snorg
Lair:8:   evilmike_catoblepas_cave, slime_altar_1
Swamp:1:  cheibrodos_swamp_heart_of_darkness, evilmike_swamp_ruin_house_1,
          nicolae_swamp_very_dense_foliage
Swamp:2:  cheibrodos_swamp_tower_of_moss, nicolae_swamp_trees_clearing,
          swamp_pool1, uniq_roxanne, uniq_donald, uniq_frances
Swamp:3:  evilmike_swamp_ruin_rubble_1, infiniplex_staircase_pool, uniq_nikola,
          uniq_mara
Swamp:4:  swamp_vile, swamp_pool1
Snake:1:  uniq_asterion
Snake:2:  grunt_ministairs_15
Snake:3:  serial_shops, shop_statue
Snake:4:  snake_pit_salamanders_mu, serial_shops, shop, uniq_agnes
Orc:1:    basic_altar, bh_open_orc_temple
Orc:2:    pf_orc_diabolical, minmay_orc_temple_a
Vaults:1: vaults_mumra_chevron, hangedman_vaults_variations,
          nicolae_vaults_yaktaur_gun_rack, ontoclasm_vaults_misaligned,
          v_misc_15, vaults_room_pool, vaults_room_boxed,
          grunt_vaults_hallway_short, vaults_dpeg_encased_lava,
          nicolae_vaults_rhombus_6, serial_shops,
          nicolae_shop_temple_entry_statues_fountains, uniq_saint_roka
Vaults:2: st_greater_box_3, v_misc_8, nicolae_vaults_ninety_degrees,
          ontoclasm_vaults_chip, ontoclasm_vaults_claustrophobia, v_misc_32,
          vaults_room_corners, nicolae_vaults_rhombus_5,
          nicolae_vaults_border_crossing, uniq_frederick
Vaults:3: ontoclasm_vaults_idyll, vaults_standard_mumra_x,
          nicolae_vaults_rhombus_6, vaults_dpeg_cross,
          minmay_crypt_entry_simple_statues, ontoclasm_vaults_twist,
          vaults_room_fancy_cross, nicolae_vaults_little_squares_1,
          vaults_mumra_lcd, hangedman_vaults_maws, v_alt_pattern_2, v_pattern_5,
          hangedman_vaults_impose, vaults_room_stairs_pillars,
          dpeg_vaults_monster_box, v_misc_11, serial_shops,
          nicolae_shop_behind_doors
Vaults:4: nicolae_vaults_stairing_the_circle, ontoclasm_vaults_spin,
          nicolae_vaults_rhombus_7, vaults_room_door_hall,
          ontoclasm_vaults_loading_screen, hangedman_vaults_trim,
          nicolae_vaults_little_squares_3, nicolae_vaults_puzzle_piece,
          vaults_room_corners, ontoclasm_vaults_shuriken, vaults_room_pool,
          serial_shops, shop
Crypt:1:  grunt_crypt_arrival_split, uniq_wiglaf
Crypt:3:  church_of_pain_bobbens
Depths:1: roderic_serpentine_path, abyss_entry, hell_entry, special_room,
          hangedman_corner_corridor
Depths:2: hangedman_spin_cycle, hell_entry, abyss_entry
Depths:3: kennysheep_bubble_arena, hell_entry, serial_bayou_pond_e,
          grunt_pan_entry_zigzag, special_room
Depths:4: minmay_two_paths, enter_ziggurat_d, abyss_entry, solitary_fountain,
          hell_entry, minmay_staircase_windowed_large
Depths:5: evilmike_zot_entry_hall, nemelex_xobeh_ov_fountains_minmay,
          hellmouth_1, st_stairs_12, uniq_jorgrun, uniq_jory
Zot:2:    grunt_ministairs_15, st_stairs_5
Zot:4:    nicolae_lava_and_water, hangedman_zot_decor_scrapings,
          grunt_megastairs_2

Skill      XL: |  1  2  3  4  5  6  7  8  9 10 11 12 13 14 15 16 17 18 19 20 21 22 23 24 25 26 27 |
---------------+----------------------------------------------------------------------------------+-----
Transmutations | 2 3 6 9 11 12 13 | 13.3
Unarmed Combat | 3 4 5 7 9 10 12 14 15 16 17 18 19 20 21 22 | 22.6
Poison Magic   | 1 |  1.7
Invocations    | 3 4 5 10 12 13 15 | 15.0
Dodging        | 4 6 8 10 12 14 15 16 17 18 | 18.1
Fighting       | 4 5 6 7 8 10 11 12 13 15 16 17 18 | 18.4
Stealth        | 3 5 |  5.0
Ice Magic      | 4 |  4.0
Spellcasting   | 5 6 8 9 10 | 10.0
Air Magic      | 3 7 |  7.0
Charms         | 3 4 5 8 |  8.3
Shields        | 2 3 4 |  4.0
Evocations     | 5 9 10 12 13 15 16 | 16.1
Armour         | 5 7 9 10 | 10.0
Translocations | 1 5 9 10 11 12 | 12.0
Throwing       | 2 5 |  5.2
Necromancy     | 8 |  8.0

Action                   |  1- 3 |  4- 6 |  7- 9 | 10-12 | 13-15 | 16-18 | 19-21 | 22-24 | 25-27 || total
-------------------------+-------+-------+-------+-------+-------+-------+-------+-------+-------++-------
Melee: Spear             |    73 |       |       |       |       |       |       |       |       ||    73
       Unarmed           |    17 |   178 |   291 |   613 |   951 |  1359 |  1335 |  1617 |  1086 ||  7447
 Fire: Blowgun           |       |       |       |     7 |       |     4 |       |       |    19 ||    30
Throw: Stone             |    18 |     9 |    16 |    41 |     1 |       |       |       |       ||    85
       Throwing net      |       |       |       |       |       |     1 |       |       |     1 ||     2
 Cast: Beastly Appendage |    15 |     4 |     3 |     3 |       |       |       |       |       ||    25
       Spider Form       |     3 |    20 |    33 |    47 |     3 |     1 |       |       |       ||   107
       Sticks to Snakes  |       |     2 |       |    20 |    10 |     4 |       |     5 |       ||    41
       Ice Form          |       |       |       |    25 |    35 |     6 |       |    11 |       ||    77
       Blade Hands       |       |       |       |     7 |    83 |   153 |   131 |   157 |    89 ||   620
       Repel Missiles    |       |       |       |       |     6 |     6 |     7 |     2 |     4 ||    25
       Swiftness         |       |       |       |       |     1 |       |     1 |     2 |       ||     4
       Apportation       |       |       |       |       |       |     5 |       |       |       ||     5
       Blink             |       |       |       |       |       |     1 |       |     1 |     1 ||     3
       Regeneration      |       |       |       |       |       |    15 |    44 |    47 |    24 ||   130
       Song of Slaying   |       |       |       |       |       |     1 |    13 |     7 |     9 ||    30
       Animate Dead      |       |       |       |       |       |       |       |     1 |    34 ||    35
Invok: Minor Destruction |       |     1 |    64 |    74 |   123 |   111 |    56 |    34 |     4 ||   467
       Lesser Servant of |       |       |     2 |     8 |     9 |     4 |     2 |     1 |       ||    26
       Major Destruction |       |       |       |       |     3 |     4 |    10 |     7 |     1 ||    25
       Greater Servant o |       |       |       |       |     2 |    10 |     5 |     5 |       ||    22
 Abil: End Transformatio |       |       |       |       |     5 |     2 |     3 |    14 |    49 ||    73
       Evoke Invisibilit |       |       |       |       |       |     1 |       |       |       ||     1
       Stop Singing      |       |       |       |       |       |       |     3 |     3 |     6 ||    12
Evoke: Wand              |       |       |       |     3 |     1 |     4 |     6 |    21 |    10 ||    45
       Rod               |       |       |       |       |     1 |    11 |     4 |    21 |     3 ||    40
       Sack of spiders   |       |       |       |       |       |       |     6 |       |     3 ||     9
       Stone of tremors  |       |       |       |       |       |       |       |     1 |     1 ||     2
       Fan of gales      |       |       |       |       |       |       |       |     1 |       ||     1
       Box of beasts     |       |       |       |       |       |       |       |       |     1 ||     1
  Use: Scroll            |       |    10 |     4 |     8 |    13 |    18 |    15 |    17 |    27 ||   112
       Potion            |       |       |     2 |     9 |     4 |     9 |     7 |     5 |     7 ||    43
 Stab: Sleeping          |       |     1 |     1 |    19 |    16 |     1 |     2 |     2 |       ||    42
       Distracted        |       |       |     1 |     1 |     2 |     6 |     5 |     2 |    13 ||    30
       Held in net/web   |       |       |       |       |       |     1 |     1 |       |     1 ||     3
  Eat: Chunk             |     4 |    12 |    12 |    21 |    46 |    29 |    79 |    43 |     7 ||   253
       Meat ration       |       |       |     1 |     5 |     5 |    15 |       |     7 |     3 ||    36
       Royal jelly       |       |       |     1 |       |       |     1 |     1 |       |     1 ||     4
       Pizza             |       |       |       |     1 |     1 |     1 |     1 |       |     3 ||     7
       Beef jerky        |       |       |       |       |     1 |     6 |       |     1 |     6 ||    14
       Fruit             |       |       |       |       |       |     3 |       |       |       ||     3
       Bread ration      |       |       |       |       |       |       |       |     4 |     4 ||     8
